 Dungeon Crawl Stone Soup version 0.30-a0-459-g9104f0fc43 (webtiles) character file.

Game seed: 594710841055283408

63 cforsyth the Ruffian (level 3, -2/36 HPs)
             Began as a Troll Fighter on Dec 16, 2022.
             Slain by a gnoll
             ... wielding a +0 spear
              (7 damage)
             ... on level 3 of the Dungeon.
             The game lasted 00:02:03 (1253 turns).

cforsyth the Ruffian (Troll Fighter)                Turns: 1253, Time: 00:02:04

Health: -2/36      AC:  4    Str: 24    XL:     3   Next: 87%
Magic:  2/2        EV:  8    Int:  6    God:
Gold:   22         SH:  7    Dex:  9    Spells: 2/2 levels left

rFire   . . .      SeeInvis .      - Unarmed
rCold   . . .      Faith    .    b - +0 kite shield
rNeg    . . .      Spirit   .    a - +0 robe
rPois   .          Reflect  .    (helmet restricted)
rElec   .          Harm     .    (no cloak)
rCorr   .          Rampage  .    (gloves unavailable)
Will    .....                    (boots unavailable)
Stlth   +.........               (no amulet)
HPRegen 1.06/turn                (no ring)
MPRegen 0.08/turn                (no ring)

@: no status effects
A: large, unfitting armour, claws 3, regeneration 1, shaggy fur 1, tough skin 1
a: no special abilities


You were on level 3 of the Dungeon.
You visited 1 branch of the dungeon, and saw 3 of its levels.

You collected 67 gold pieces.
You spent 45 gold pieces at shops.

Inventory:

Missiles
 e - a throwing net (quivered)
Armour
 a - a +0 robe (worn)
 b - a +0 kite shield (worn)
Scrolls
 f - a scroll of identify {unknown}
 g - 2 scrolls of teleportation {unknown}
 j - a scroll of magic mapping {unknown}
 k - a scroll of vulnerability {unknown}
 m - a scroll of poison {unknown}
Potions
 c - a potion of might
 d - a potion of berserk rage {unknown}
 h - a potion of flight {unknown}
 i - 2 potions of magic {unknown}
 l - a potion of curing {unknown}


   Skills:
 + Level 2.9 Fighting
 - Level 2.4 Dodging
 + Level 3.1 Shields
 * Level 3.3 Unarmed Combat


You had 2 spell levels left.
You didn't know any spells.
Your spell library contained the following spells:

 Spells                   Type           Power      Damage    Failure   Level
 Ozocubu's Armour         Ice            0%         N/A       98%         3
 Ozocubu's Refrigeration  Ice            0%         4d7       100%        7


Dungeon Overview and Level Annotations

Branches:
Dungeon (3/15)

Altars:
Nemelex Xobeh

Shops:
D:2 *


Innate Abilities, Weirdness & Mutations

You are too large for most types of armour.
You have claws for hands.
Your natural rate of healing is unusually fast.
You are covered in fur. (AC +1)
You have tough skin. (AC +1)


Message History

There is a stone staircase leading up here.
Found a stone staircase leading down.
A kobold comes into view. It is wielding a +0 dagger.
The kobold shouts!
An orc comes into view. It is wielding a +0 hand axe.
The gnoll hits you with a +0 halberd.
You scratch the gnoll.
The gnoll is moderately wounded.
The gnoll hits you from afar with a +0 spear.
You block the gnoll's attack.
You barely miss the gnoll.
The gnoll is moderately wounded.
The gnoll hits you from afar with a +0 spear!
The gnoll hits you but does no damage. You block the gnoll's attack.
The gnoll hits you with a +0 halberd!
You closely miss the gnoll.
The gnoll is moderately wounded.
The gnoll hits you but does no damage. The gnoll barely misses you.
The orc shouts!
You scratch the gnoll.
The gnoll is heavily wounded.
You block the gnoll's attack. x2
You barely miss the gnoll.
The gnoll is heavily wounded.
The gnoll hits you from afar with a +0 spear.
The gnoll hits you with a +0 halberd!
* * * LOW HITPOINT WARNING * * *
You claw the gnoll!
You kill the gnoll!
You block the gnoll's attack. The gnoll hits you but does no damage.
Things that are here:
a +0 halberd; a gnoll corpse Unknown command.
You barely miss the gnoll. You block the gnoll's attack.
The orc hits you with a +0 hand axe.
* * * LOW HITPOINT WARNING * * *
You barely miss the gnoll. You block the orc's attack.
The gnoll hits you with a +0 spear!
You die...

# #.# #.###
##.##.#####...#
#.....g.g.....#
#..########g..#
#. #..## # #..#
# #..#
###..########..#
..>....Ko@gg...#
###..#########.#
.K. #.# # #.#
#.# #.# #.# ..#
###


You could see 2 gnolls, an orc and a kobold.

Vanquished Creatures
  An adder (D:2)
  2 gnolls (D:3)
  A worm (D:2)
  2 ball pythons (D:1)
  An endoplasm (D:1)
  A giant cockroach (D:1)
  4 goblins
  2 hobgoblins
  4 jackals (D:1)
  2 kobolds (D:1)
  A quokka (D:1)
  5 bats
  2 frilled lizards (D:1)
  4 rats (D:1)
32 creatures vanquished.

Notes
Turn   | Place    | Note
-------+----------+-------------------------------------------
     0 | D:1      | cforsyth the Troll Fighter began the quest for the Orb.
     0 | D:1      | Reached XP level 1. HP: 22/22 MP: 0/0
    92 | D:1      | Reached XP level 2. HP: 29/29 MP: 1/1
   165 | D:1      | Found a sparkling altar of Nemelex Xobeh.
   236 | D:1      | Found a faded altar of an unknown god.
   494 | D:2      | Reached XP level 3. HP: 36/36 MP: 2/2
   926 | D:2      | Found Cinacam's Assorted Antiques.
   983 | D:2      | Bought a fizzy sapphire potion for 21 gold pieces
   983 | D:2      | Bought a scroll labelled LOADOR RARUMM for 24 gold pieces
  1253 | D:3      | Slain by a gnoll

Illustrated notes

Levels and vault maps discovered:
D:1:      dpeg_arrival_lava_altar, layout_rooms,
          dreamdust_ecumenical_altar_statues
D:2:      layout_loops_ring, serial_shops, nicolae_shop_waterfront
D:3:      layout_loops_ring

Skill      XL: |  1  2 |
---------------+-------+-----
Shields        | 3 |  3.1
Unarmed Combat | 3 |  3.3
Fighting       | |  2.9
Dodging        | |  2.4

Action                   || total
-------------------------++-------
Melee: Unarmed           ||   102
Armor: Robe              ||    36
Dodge: Dodged            ||    33
Block: Kite shield       ||    44

Table legend: (Time is in decaauts)
 A = Elapsed time spent in this place.
 B = Non-inter-level travel time spent in this place.
 C = Inter-level travel time spent in this place.
 D = Time resting spent in this place.
 E = Time spent auto-exploring this place.
 F = Levels seen in this place.
 G = Mean time per level.
                   A        B        C        D        E       F      G
               +--------+--------+--------+--------+--------+-----+--------+
         Total |   1261 |   1209 |     52 |    103 |    869 |   3 |  420.3 |
       Dungeon |   1261 |   1209 |     52 |    103 |    869 |   3 |  420.3 |
               +--------+--------+--------+--------+--------+-----+--------+

Top non-repeatable levels by time:
     D:2: 710 daAuts
     D:1: 490 daAuts
     D:3: 60 daAuts
